 Dungeon Crawl Stone Soup version 0.31.0-9-g3a7656b989 (webtiles) character file.

Game seed: 4487838662465730508

1498 EnegeticOcto the Thaumaturge (level 8, 0/45 HPs)
             Began as a Deep Elf Wanderer on Feb 1, 2024.
             Shot with an arrow by a centaur (10 damage)
             ... on level 7 of the Dungeon.
             The game lasted 00:17:31 (2953 turns).

EnegeticOcto the Thaumaturge (Deep Elf Wanderer)    Turns: 2953, Time: 00:17:31

Health: 0/45       AC:  9    Str:  5    XL:     8   Next: 52%
Magic:  7/22       EV: 10    Int: 22    God:
Gold:   220        SH:  4    Dex: 16    Spells: 17/23 levels left

rFire   . . .        s - +2 hand cannon (heavy)
rCold   . . .        d - +0 buckler
rNeg    . . .        c - +0 robe
rPois   .            (no helmet)
rElec   .            f - +1 cloak
rCorr   .            (no gloves)
SInv    .            g - +0 pair of boots
Will    .....        (no amulet)
Stlth   ++           p - +4 ring of protection
HPRegen 0.27/turn    (no ring)
MPRegen 0.18/turn

%: no passive effects
@: no status effects
A: no striking features
a: no special abilities


You were on level 7 of the Dungeon.
You visited 1 branch of the dungeon, and saw 7 of its levels.
You also visited: Sewer.

You collected 439 gold pieces.
You spent 219 gold pieces at shops.

Inventory:

Hand Weapons
 a - a +0 dagger
 j - a +0 vampiric dagger
   (You took it off a kobold on level 1 of the Dungeon)
 s - a +2 heavy hand cannon (weapon)
   (You bought it in a shop on level 4 of the Dungeon)
Missiles
 t - a curare-tipped dart
Armour
 c - a +0 robe (worn)
 d - a +0 buckler (worn)
 f - a +1 cloak (worn)
   (You found it on level 1 of the Dungeon)
 g - a +0 pair of boots (worn)
   (You found it on level 1 of the Dungeon)
 y - a +1 leather armour of cold resistance
   (You found it in a sewer)
Magical Staves
 C - a staff of fire
   (You found it on level 6 of the Dungeon)
Jewellery
 p - a +4 ring of protection (left hand)
   (You found it on level 3 of the Dungeon)
Wands
 o - a wand of flame (9) {@v4}
   (You found it on level 3 of the Dungeon)
 q - a wand of light (4) {@v1}
   (You found it on level 7 of the Dungeon)
 r - a wand of iceblast (15) {@v2}
   (You found it on level 7 of the Dungeon)
Scrolls
 b - 4 scrolls of fear {!r}
 e - 4 scrolls of teleportation {@r3 !r}
 i - 2 scrolls of amnesia
 l - 3 scrolls of fog {!r}
 m - a scroll of blinking {@r4}
 v - a scroll of enchant weapon
 z - 2 scrolls of vulnerability
 D - a scroll of poison {unknown}
Potions
 h - 5 potions of degeneration {unknown}
 k - a potion of berserk rage {unknown}
 n - 3 potions of curing {@q1 !q}
 u - 3 potions of attraction {unknown}
 w - a potion of resistance
 x - 2 potions of mutation {unknown}
 A - a potion of magic {unknown}
 B - a potion of enlightenment {unknown}
 E - a potion of invisibility {unknown}


   Skills:
 + Level 2.9 Fighting
 - Level 1.2 Stealth
 - Level 1.5 Shields
 - Level 8.0 Spellcasting
 - Level 3.0 Conjurations
 - Level 3.2 Fire Magic
 - Level 8.0 Air Magic


You had 17 spell levels left.
You knew the following spells:

 Your Spells              Type           Power      Damage    Failure   Level
a - Apportation           Tloc           16%        N/A       13%         1
b - Foxfire               Conj/Fire      88%        2x1d8     3%          1
c - Airstrike             Air            22%        2d(4-20)  4%          4

Your spell library contained the following spells:

 Spells                   Type           Power      Damage    Failure   Level
 Mercury Vapours          Alch/Air       52%        N/A       3%          2
 Sting                    Conj/Alch      60%        1d6       7%          1
 Cigotuvi's Dreadful Rot  Necr/Alch/Air  40%        N/A       7%          2
 Necrotise                Necr           32%        1d5       13%         1
 Summon Small Mammal      Summ           32%        N/A       13%         1
 Arcjolt                  Conj/Air       16%        1d26      36%         5
 Ignite Poison            Fire/Alch      16%        N/A       56%         4
 Sticky Flame             Fire/Alch      16%        2d5       56%         4
 Conjure Ball Lightning   Conj/Air       16%        3x3d6     91%         6


Dungeon Overview and Level Annotations

Branches:
Dungeon (7/15) Zot: 25949   Sewer (visited)
 Temple: D:4-7

Altars:
Ashenzari
Hepliaklqana
Okawaru

Shops:
D:3 [   D:4 (


Message History

The ice beast hits you but does no damage.
Aiming: Throw Flame
Press: ? - help, Shift-Dir - straight line, f - ice beast
Aim: an ice beast (lightly wounded, ally target, 68% to hit)
The puff of flame hits the ice beast!
The ice beast melts!
The ice beast is moderately wounded.
The foxfire hits the ice beast!
The ice beast melts!
The ice beast is heavily wounded.
The foxfire hits the ice beast!
The ice beast melts!
The ice beast is almost dead.
The ice beast hits you but does no damage.
Aiming: Throw Flame
Press: ? - help, Shift-Dir - straight line, f/p - ice beast
Aim: an ice beast (almost dead, 68% to hit)
The puff of flame misses the ice beast.
The ice beast barely misses you.
You shoot a bolt. The bolt hits the ice beast!!
You kill the ice beast!
Training target 8.0 for Air Magic reached!
Your Air Magic skill increases to level 8!
Found 7 gold pieces.
You now have 201 gold pieces (gained 10).
Found a ring mail.
You now have 213 gold pieces (gained 12).
You now have 220 gold pieces (gained 7).
(D) Dungeon
Where to? (Tab/Enter - D:4 @ (x,y), ? - help)
There is a stone staircase leading down here.
You climb downwards.
There is a stone staircase leading up here.
There is a stone staircase leading down here.
You climb downwards.
There is a stone staircase leading up here.
You open the door.
There is an open door here.
You open the door.
There is an open door here.
(D) Dungeon
Where to? (Tab/Enter - D:5 @ (x,y), ? - help)
There is a stone staircase leading down here.
You climb downwards.
There is a stone staircase leading up here.
Found a scroll of identify.
F - a scroll of identify {@r1}
As you read the scroll of identify {@r1}, it crumbles to dust.
w - a potion of resistance A jelly comes into view.
You shoot a bolt. The bolt hits the jelly!!
You kill the jelly!
A steam dragon comes into view.
The steam dragon hisses angrily.
You shoot a bolt.
The bolt hits the steam dragon but does no damage.
A centaur comes into view.
The centaur wields a +0 orcbow.
The centaur shoots an arrow.
You block the arrow.
The centaur shoots an arrow.
The arrow hits you. The steam dragon breathes steam at you.
The ball of steam misses you.
Casting: Foxfire (safe; 3% risk of failure)
Confirm with . or Enter, or press ? or * to list all spells.
Aiming: Airstrike (dangerous; 4% risk of failure)
Press: ? - help, Dir - move target, f/p - steam dragon
Aim: a steam dragon (steam, catching its breath, empty space bonus: 2/8)
The air twists around and strikes the steam dragon!
The steam dragon is moderately wounded.
The centaur shoots an arrow.
The arrow barely misses you. The steam dragon closely misses you.
You block the steam dragon's attack.
The centaur shoots an arrow.
The arrow hits you.
Casting: Airstrike (dangerous; 4% risk of failure)
Confirm with . or Enter, or press ? or * to list all spells.
Aiming: Airstrike (dangerous; 4% risk of failure)
Press: ? - help, Dir - move target, f/p - steam dragon
Aim: a steam dragon (steam, moderately wounded, catching its breath, empty space bonus: 2/8)
The air twists around and strikes the steam dragon.
The steam dragon is heavily wounded.
The centaur shoots an arrow.
The arrow closely misses you. The steam dragon bites you!
The steam dragon claws you but does no damage.
Casting: Airstrike (dangerous; 4% risk of failure)
Confirm with . or Enter, or press ? or * to list all spells.
Aiming: Airstrike (dangerous; 4% risk of failure)
Press: ? - help, Dir - move target, f/p - steam dragon
Aim: a steam dragon (heavily wounded, catching its breath, empty space bonus: 2/8)
The air twists around and strikes the steam dragon!
The steam dragon is severely wounded.
The centaur shoots an arrow.
The arrow closely misses you. The steam dragon bites you.
The steam dragon claws you.
The centaur shoots an arrow.
The arrow closely misses you.
Casting: Airstrike (dangerous; 4% risk of failure)
Confirm with . or Enter, or press ? or * to list all spells.
Aiming: Airstrike (dangerous; 4% risk of failure)
Press: ? - help, Dir - move target, f/p - steam dragon
Aim: a steam dragon (severely wounded, empty space bonus: 2/8)
The air twists around and strikes the steam dragon.
The steam dragon is almost dead.
The centaur shoots an arrow.
You block the arrow. The steam dragon breathes steam at you.
The ball of steam hits you!
* * * LOW HITPOINT WARNING * * *
The centaur shoots an arrow.
The arrow hits you!
You die...

#..#####....#####.##
#..# ##.........#
##.# #..########
##.# #.## #.# #.#
#.###.# #.#..## ##
#.§..c# .. ##§@##..#
.. #D## ##c.# .. #.#
.# .## # #. .. #. #.
.. #. .. ##.


You could see a steam dragon and a centaur.

Vanquished Creatures
  Grinder (D:6)
  4 ice beasts
  A black bear (D:6)
  2 ogres
  A bullfrog (D:6)
  A scorpion (D:5)
  A bombardier beetle (D:5)
  2 hounds (D:5)
  A gnoll bouda (D:4)
  4 jellies
  Jessica (D:2)
  An iguana (D:5)
  13 adders
  4 gnolls (D:4)
  A shadow imp (D:5)
  2 dart slugs (D:1)
  A ribbon worm (Sewer)
  7 orcs
  13 endoplasms
  5 giant cockroaches
  4 goblins
  5 hobgoblins
  4 jackals
  2 quokkas
  10 ball pythons
  5 bats
  4 frilled lizards
  10 kobolds
  9 rats
119 creatures vanquished.

Vanquished Creatures (others)
  250 foxfires
250 creatures vanquished.

Grand Total: 369 creatures vanquished

Notes
Turn   | Place    | Note
-------+----------+-------------------------------------------
     0 | D:1      | EnegeticOcto the Deep Elf Wanderer began the quest for the
                  | Orb.
     0 | D:1      | EnegeticOcto set off with the following items: a +0 dagger,
                  | a scroll of fear {!r}, a +0 robe, a +0 buckler; and the
                  | following spell memorised: Foxfire; and the following
                  | spells available to memorise: Mercury Vapours, Cigotuvi's
                  | Dreadful Rot, Ignite Poison, Sticky Flame.
     0 | D:1      | Reached XP level 1. HP: 10/10 MP: 5/5
    54 | D:1      | Reached skill level 2 in Spellcasting
   117 | D:1      | Reached XP level 2. HP: 15/15 MP: 0/7
   182 | D:1      | Reached skill level 1 in Conjurations
   203 | D:1      | Reached skill level 3 in Spellcasting
   404 | D:2      | Reached skill level 2 in Conjurations
   412 | D:2      | Got the Compilation of Gases
   414 | D:2      | Reached XP level 3. HP: 19/19 MP: 5/9
   435 | D:2      | Noticed Jessica
   445 | D:2      | Killed Jessica
   446 | D:2      | Reached skill level 3 in Conjurations
   586 | D:2      | Reached XP level 4. HP: 24/24 MP: 9/11
   761 | D:3      | Learned a level 4 spell: Airstrike
   761 | D:3      | Found Regad's Antique Armour Shoppe.
   908 | D:4      | Found Ixoym's Firing Range.
   918 | D:4      | Bought a +2 heavy hand cannon for 219 gold pieces
  1040 | D:2      | Found an iron altar of Okawaru.
  1045 | D:2      | Reached skill level 4 in Spellcasting
  1167 | D:4      | Found a glowing drain.
  1174 | Sewer    | Entered a sewer
  1181 | Sewer    | Reached XP level 5. HP: 28/28 MP: 13/13
  1273 | Sewer    | Reached skill level 4 in Air Magic
  1285 | Sewer    | Reached skill level 5 in Spellcasting
  1287 | Sewer    | Found a shimmering altar of Xom.
  1364 | D:4      | Noticed an ice beast
  1376 | D:4      | Killed an ice beast
  1377 | D:4      | Reached XP level 6. HP: 8/32 MP: 13/16
  1514 | D:5      | Entered Level 5 of the Dungeon
  1516 | D:5      | Reached skill level 6 in Spellcasting
  1530 | D:5      | Reached skill level 5 in Air Magic
  1552 | D:5      | Reached XP level 7. HP: 36/36 MP: 5/19
  1648 | D:5      | Reached skill level 7 in Spellcasting
  1660 | D:6      | Noticed a steam dragon
  1809 | D:6      | Identified a scroll of acquirement
  1810 | D:6      | Acquired a book of Cantrips
  1814 | D:6      | Learned a level 1 spell: Apportation
  1831 | D:6      | Noticed Grinder
  1840 | D:6      | Killed Grinder
  1841 | D:6      | Reached skill level 6 in Air Magic
  1870 | D:6      | Reached skill level 8 in Spellcasting
  1994 | D:7      | Found a hazy altar of Hepliaklqana.
  1995 | D:7      | Found a broken altar of Ashenzari.
  2313 | D:6      | Reached skill level 7 in Air Magic
  2313 | D:6      | Reached XP level 8. HP: 29/41 MP: 17/22
  2607 | D:4      | Reached skill level 1 in Fighting
  2753 | D:4      | Reached skill level 2 in Fighting
  2760 | D:4      | Reached skill level 8 in Air Magic
  2953 | D:7      | Shot with an arrow by a centaur

Illustrated notes

Levels and vault maps discovered:
D:1:      dpeg_arrival_signposts, layout_basic, minmay_pentomino_q2
D:2:      layout_basic, basic_altar, uniq_jessica
D:3:      layout_loops_ring, serial_shops, nicolae_shop_tiny_waterfront,
          minmay_gold_behind_fungi
D:4:      minmay_evil_eye, layout_basic,
          mainiacjoe_sewer_entry_somewhere_in_here_1, nicolae_shop_firing_range
D:5:      layout_loops_ring, st_stairs_3
D:6:      layout_gridville, minmay_misc_feat_rugged,
          nicolae_figureground_sparkle, uniq_grinder
D:7:      layout_layer_cave, gammafunk_temple_overflow_statue, temple_green,
          nicolae_wand_duel, uniq_joseph

Skill      XL: |  1  2  3  4  5  6  7  8 |
---------------+-------------------------+-----
Spellcasting   | 2 3 4 5 6 8 |  8.0
Conjurations   | 2 3 |  3.0
Air Magic      | 4 5 7 8 |  8.0
Fighting       | 2 |  2.9
Stealth        | |  1.2
Shields        | |  1.5
Fire Magic     | |  3.2

Action                     |  1- 3 |  4- 6 |  7- 9 || total
---------------------------+-------+-------+-------++-------
  Melee: Dagger            |     5 |     7 |       ||    12
   Fire: Hand cannon       |       |    37 |    31 ||    68
   Cast: Foxfire           |    46 |    60 |    45 ||   151
         Airstrike         |       |       |     9 ||     9
         Apportation       |       |       |     1 ||     1
  Evoke: Wand              |       |     3 |     6 ||     9
    Use: Scroll            |       |     2 |     8 ||    10
 Armour: Robe              |     4 |    41 |    38 ||    83
  Dodge: Dodged            |     4 |    32 |    32 ||    68
  Block: Buckler           |     5 |     9 |    11 ||    25

Table legend:
 A = Kills in this place as a percentage of kills in the entire game.
 B = Kills by you in this place as a percentage of kills by you in the entire game.
 C = Kills by friends in this place as a percentage of kills by friends in the entire game.
 D = Other kills in this place as a percentage of other kills in the entire game.
 E = Experience gained in this place as a percentage of experience gained in the entire game.
 F = Experience gained in this place divided by the number of levels of this place that you have seen.
                   A       B       C       D       E      F
               +-------+-------+-------+-------+-------+----------------------
         Total | 100.0 | 100.0 |   N/A |   N/A | 100.0 | 267.5
       Dungeon |  82.4 |  82.4 |   N/A |   N/A |  91.9 | 281.0
         Sewer |  17.6 |  17.6 |   N/A |   N/A |   8.1 | 173.0
               +-------+-------+-------+-------+-------+----------------------

Table legend: (Time is in decaauts)
 A = Elapsed time spent in this place.
 B = Non-inter-level travel time spent in this place.
 C = Inter-level travel time spent in this place.
 D = Time resting spent in this place.
 E = Time spent auto-exploring this place.
 F = Levels seen in this place.
 G = Mean time per level.
                   A        B        C        D        E       F      G
               +--------+--------+--------+--------+--------+-----+--------+
         Total |   3119 |   2979 |    140 |      0 |      0 |   8 |  389.9 |
       Dungeon |   2858 |   2718 |    140 |      0 |      0 |   7 |  408.3 |
         Sewer |    260 |    260 |      0 |      0 |      0 |   1 |  260.0 |
               +--------+--------+--------+--------+--------+-----+--------+

Top non-repeatable levels by time:
     D:4: 610 daAuts
     D:6: 544 daAuts
     D:5: 505 daAuts
     D:1: 347 daAuts
     D:2: 343 daAuts
     D:3: 329 daAuts
   Sewer: 260 daAuts
     D:7: 179 daAuts
